 Dungeon Sprint DCSS version 0.31-a0-1074-g0b22e4e0f1 (webtiles) character file.

Game seed: 3879835651668093123

1948 sircluck the Grappler (level 8, -2/93 HPs)
             Began as a Troll Berserker on Dec 4, 2023.
             Was an Elder of Trog.
             Killed from afar by a deep elf zephyrmancer (40 damage)
             ... with a bolt of lightning
             ... in the Dungeon (Sprint V: "Ziggurat Sprint").
             The game lasted 00:01:53 (198 turns).

sircluck the Grappler (Troll Berserker)              Turns: 198, Time: 00:01:54

Health: -2/93      AC: 20    Str: 40    XL:     8   Next: 98%
Magic:  7/7        EV:  1    Int:  3    God:    Trog [****..]
Gold:   0          SH: 30    Dex:  9    Spells: 7/7 levels left

rFire   + .          .
                       - Unarmed
rCold   + . .        r - +18 shield of the Gong {Loud rN+ Will+ rCorr EV-5}
rNeg    + . .        s - +5 gold dragon scales
rPois   +            (helmet restricted)
rElec   .            (no cloak)
rCorr   +            (gloves unavailable)
SInv    .            (boots unavailable)
Will    +....        y - amulet of reflection Stlth
                     t - +6 ring of strength
HPRegen 1.15/turn    u - +6 ring of strength
MPRegen 0.10/turn

%: no teleportation, reflection
@: on berserk cooldown, slowed, very slow
A: large, unfitting armour, claws 3, regeneration 1, shaggy fur 1, tough skin 1
a: Renounce Religion, Berserk, Trog's Hand, Brothers in Arms


You were in the Dungeon.
You worshipped Trog.
Trog was greatly pleased with you.
You visited 1 branch

Inventory:

Armour
 a - a +0 animal skin
 r - the +18 shield of the Gong (worn) {Loud rN+ Will+ rCorr EV-5}
   (You found it in the Dungeon)

   Loud:      It is deafeningly noisy when blocking attacks.
   EV-5:      It affects your evasion (-5).
   rN+:       It protects you from negative energy.
   Will+:     It increases your willpower.
   rCorr:     It protects you from acid and corrosion.
 s - +5 gold dragon scales (worn)
Jewellery
 o - a ring of flight
 p - a +6 ring of dexterity
 q - a +6 ring of dexterity
 t - a +6 ring of strength (left claw)
 u - a +6 ring of strength (right claw)
 y - an amulet of reflection (around neck)
 A - a ring of positive energy
Wands
 j - a wand of polymorph (7)
 v - a wand of mindburst (7)
 w - a wand of iceblast (7)
 x - a wand of quicksilver (7)
 z - a wand of flame (10)
Scrolls
 g - 4 scrolls of blinking
 l - 7 scrolls of fog
 m - 5 scrolls of identify
 n - 2 scrolls of fear
Potions
 b - 10 potions of curing
 c - 10 potions of heal wounds
 d - 6 potions of haste
 e - 7 potions of magic
 f - 3 potions of berserk rage
 h - 2 potions of invisibility
 i - 4 potions of resistance
 k - 5 potions of might


   Skills:
 + Level 10.2 Fighting
 - Level 2.8 Armour
 + Level 9.6 Dodging
 - Level 3.1 Shields
 + Level 11.9 Unarmed Combat


You had 7 spell levels left.
You didn't know any spells.
Your spell library was empty.

Dungeon Overview and Level Annotations

Branches:
Dungeon (1/1)

Altars:
Ashenzari
Cheibriados
Dithmenos
Elyvilon
Fedhas
Gozag
Hepliaklqana
Kikubaaqudgha
Makhleb
Nemelex Xobeh
Okawaru
Qazlal
Ru
Sif Muna
Trog
Uskayaw
Vehumet
Wu Jian
Xom
Yredelemnul
Zin
The Shining One
Jiyva
Lugonu

Annotations:
D 1 transporter


Innate Abilities, Weirdness & Mutations

You are too large for most types of armour.
You have claws for hands.
Your natural rate of healing is unusually fast.
You are covered in fur. (AC +1)
You have tough skin. (AC +1)


Message History

SHROANNG!
Your Fighting skill increases to level 9!
Your Unarmed Combat skill increases to level 11!
You have reached level 8!
You closely miss the +2 war axe of flaming.
You block the +2 war axe of flaming's attack.
BONNNG!
You barely miss the +2 war axe of flaming.
You block the +2 war axe of flaming's attack.
GONNNNG!
You claw the +2 war axe of flaming!
The +2 war axe of flaming is heavily damaged.
You scratch the +2 war axe of flaming.
The +2 war axe of flaming is severely damaged.
You block the +2 war axe of flaming's attack.
GONNNNG!
You eviscerate the +2 war axe of flaming!!!
The +2 war axe of flaming falls from the air.
Trog accepts your kill.
Your Fighting skill increases to level 10!
Your Dodging skill increases to level 9!
You mangle the deep elf zephyrmancer!!
The deep elf zephyrmancer is severely wounded.
You block the deep elf zephyrmancer's attack.
SHROANNG!
You closely miss the deep elf zephyrmancer.
The deep elf zephyrmancer is severely wounded.
You claw the deep elf zephyrmancer!
The deep elf zephyrmancer is almost dead.
The deep elf zephyrmancer casts a spell.
The deep elf zephyrmancer blinks!
Things that are here:
a +0 long sword; an elf corpse You feel a strong urge to attack something.
You are no longer berserk.
You are exhausted.
You feel yourself slow down.
The deep elf zephyrmancer gestures at you while chanting.
The bolt of lightning hits you! The bolt of lightning hits you!!!
You die...

▓.....▓.....▓.%...▓
▓.....▓.....▓.....▓
▓.....▓..†..▓..†..▓
▓.....▓.....▓..©..▓
▓..©..▓..©..▓▓▓▓▓▓▓
▓▓▓▓▓▓▓▓▓▓▓▓▓▓
▓..8©8...▓
▓..)=|e..▓
▓...=@...▓
▓........▓
▓..).§...▓
▓.▓..).▓.▓
▓...©....▓
▓▓▓▓▓▓▓▓▓▓


You could see a deep elf zephyrmancer.

Vanquished Creatures
  A dancing weapon (D)
  2 deep elf pyromancers (D)
  A jumping spider (D)
  2 hell hounds (D)
  2 scorpions (D)
  A shadow imp (D)
  An adder zombie (D)
  A bat skeleton (D)
  A ball python skeleton (D)
12 creatures vanquished.

Notes
Turn   | Place    | Note
-------+----------+-------------------------------------------
     0 | D        | sircluck the Troll Berserker began the quest for the Orb.
     0 | D        | Reached XP level 1. HP: 22/22 MP: 0/0
     0 | D        | Found a shimmering blue altar of Sif Muna.
     0 | D        | Found a bloodstained altar of Trog.
     0 | D        | Found a sacrificial altar of Ru.
     0 | D        | Found a stormy altar of Qazlal.
     0 | D        | Found an iron altar of Okawaru.
     1 | D        | Found a sparkling altar of Nemelex Xobeh.
     1 | D        | Found a blossoming altar of Fedhas.
     1 | D        | Found the +6 Majin-Bo {spellvamp, MP+6 Int+6}
     1 | D        | Found the +27 heavy crossbow "Sniper" {heavy, Acc+∞ SInv}
     1 | D        | Found the +10 dark maul {heavy}
     1 | D        | Found the +15 Maxwell's patent armour {-Cast -Tele rElec
                  | Will+ rCorr}
     1 | D        | Found the +18 shield of the Gong {Loud rN+ Will+ rCorr
                  | EV-5}
     1 | D        | Found the +16 obsidian axe {drain, demonic, Mesm Drain Fly
                  | SInv}
     1 | D        | Found the +7 great mace "Firestarter" {flame, immolate,
                  | rFlCloud rF++}
     1 | D        | Found the +6 shillelagh "Devastator" {shatter}
     1 | D        | Found the +11 plutonium sword {Contam Stlth-}
     1 | D        | Found the +8 lance "Wyrmbane" {slay drac, rPois rF+ rC+
                  | AC+3}
     1 | D        | Found the +9 sword of Zonguldrok {reap}
     1 | D        | Found the +13 scythe of Curses {drain, curses, Drain}
     1 | D        | Found the +9 sword of Power {lifebolt}
     1 | D        | Found the +7 mace of Variability {chaos, chaos arc}
     1 | D        | Found the +11 Singing Sword {sonic wave}
     1 | D        | Found the +8 storm bow {elec, penet}
     3 | D        | Found a transporter.
     3 | D        | Found an ancient bone altar of Kikubaaqudgha.
     3 | D        | Found a viscous altar of Jiyva.
     3 | D        | Found a corrupted altar of Lugonu.
     3 | D        | Found a hazy altar of Hepliaklqana.
     3 | D        | Found a burning altar of Makhleb.
     3 | D        | Found an opulent altar of Gozag.
    67 | D        | Reached skill level 4 in Unarmed Combat
    67 | D        | Reached XP level 2. HP: 32/32 MP: 1/1
    79 | D        | Entered arena 2.
    79 | D        | Noticed a hell hound
    79 | D        | Found a transporter.
    81 | D        | Killed a hell hound
    82 | D        | Reached skill level 5 in Fighting
    82 | D        | Reached skill level 6 in Unarmed Combat
    82 | D        | Reached XP level 3. HP: 42/42 MP: 2/2
    82 | D        | Reached XP level 4. HP: 50/50 MP: 3/3
    85 | D        | Reached ** piety under Trog
    96 | D        | Entered arena 3.
    96 | D        | Noticed a scorpion
    96 | D        | Noticed a jumping spider
    96 | D        | Noticed a scorpion
    96 | D        | Found a transporter.
   100 | D        | Killed a scorpion
   101 | D        | Reached skill level 5 in Dodging
   101 | D        | Reached skill level 7 in Unarmed Combat
   101 | D        | Reached XP level 5. HP: 59/59 MP: 4/4
   103 | D        | Killed a jumping spider
   104 | D        | Reached skill level 8 in Unarmed Combat
   104 | D        | Reached XP level 6. HP: 71/71 MP: 5/5
   150 | D        | Entered arena 4.
   150 | D        | Noticed a hell hound
   150 | D        | Found a transporter.
   156 | D        | Killed a hell hound
   156 | D        | Reached *** piety under Trog
   157 | D        | Reached skill level 9 in Unarmed Combat
   170 | D        | Entered arena 5.
   170 | D        | Noticed a +2 war axe of flaming
   170 | D        | Noticed a deep elf zephyrmancer
   170 | D        | Noticed a deep elf pyromancer
   170 | D        | Noticed a deep elf pyromancer
   170 | D        | Found a transporter.
   173 | D        | Noticed a fire elemental
   183 | D        | Killed a deep elf pyromancer
   183 | D        | Reached **** piety under Trog
   184 | D        | Reached skill level 10 in Unarmed Combat
   184 | D        | Reached XP level 7. HP: 56/81 MP: 6/6
   187 | D        | Killed a deep elf pyromancer
   188 | D        | Reached skill level 11 in Unarmed Combat
   188 | D        | Reached XP level 8. HP: 67/92 MP: 7/7
   192 | D        | Killed a +2 war axe of flaming
   193 | D        | Reached skill level 10 in Fighting
   198 | D        | Killed from afar by a deep elf zephyrmancer

Illustrated notes

Levels and vault maps discovered:
D:        sprint_v [room_start, room_1, room_2, room_3, room_4, room_5, room_6,
          room_7, room_8, room_9, room_10, room_11, room_12, room_13, room_14,
          room_15, room_16, room_17, room_18, room_19, room_20, room_21,
          room_22, room_23, room_24, room_25, room_26, room_27]

Skill      XL: |  1  2  3  4  5  6  7  8 |
---------------+-------------------------+-----
Fighting       | 3 5 6 7 8 9 10 | 10.2
Armour         | 2 |  2.8
Shields        | 3 |  3.1
Unarmed Combat | 4 6 7 8 10 11 | 11.9
Dodging        | 4 5 6 8 9 |  9.6

Action                     |  1- 3 |  4- 6 |  7- 9 || total
---------------------------+-------+-------+-------++-------
  Melee: Unarmed           |     2 |    32 |    12 ||    46
 Invoke: Berserk           |       |     2 |       ||     2
    Use: Potion            |     1 |       |       ||     1
 Armour: Gold dragon scale |       |    29 |     3 ||    32
  Dodge: Dodged            |       |     1 |       ||     1
  Block: Kite shield       |     2 |    51 |    10 ||    63
         Reflection        |       |     1 |       ||     1

Table legend: (Time is in decaauts)
 A = Elapsed time spent in this place.
 B = Non-inter-level travel time spent in this place.
 C = Inter-level travel time spent in this place.
 D = Time resting spent in this place.
 E = Time spent auto-exploring this place.
 F = Levels seen in this place.
 G = Mean time per level.
                   A        B        C        D        E       F      G
               +--------+--------+--------+--------+--------+-----+--------+
         Total |    195 |    195 |      0 |     42 |      0 |   1 |  195.0 |
       Dungeon |    195 |    195 |      0 |     42 |      0 |   1 |  195.0 |
               +--------+--------+--------+--------+--------+-----+--------+

Top non-repeatable levels by time:
       D: 195 daAuts
